 Dungeon Crawl Stone Soup version 0.21.1-1-g345015f (webtiles) character file.

159 inmateoo the Sneak (level 5, -1/23 HPs)
             Began as a Felid Wizard on Feb 21, 2018.
             Was an Initiate of Cheibriados.
             Slain by Dowan
             ... wielding a +0 dagger
              (4 damage)
             ... on level 4 of the Dungeon.
             The game lasted 00:07:20 (4923 turns).

inmateoo the Sneak (Felid Wizard)                   Turns: 4923, Time: 00:07:21

Health: -1/23      AC:  2    Str:  9    XL:     5   Next: 17%
Magic:  3/10       EV: 20    Int: 21    God:    Cheibriados [......]
Gold:   140        SH:  0    Dex: 16    Spells: 2/10 levels left
                                        Lives:  0   Deaths: 1

rFire    . . .     SeeInvis +     - Unarmed
rCold    . . .     Gourm    .   (shield unavailable)
rNeg     . . .     Faith    .   (armour unavailable)
rPois    .         Spirit   .   (helmet unavailable)
rElec    .         Reflect  .   (cloak unavailable)
rCorr    .         Harm     .   (gloves unavailable)
MR       +....                  (boots unavailable)
Stlth    +++.......             (no amulet)
HPRegen  0.07/turn              e - ring of protection from magic
MPRegen  0.12/turn              j - +4 ring of strength

@: slow
A: very small, no armour, no weapons or thrown items, stealth, claws 1, fangs 3,
see invisible, carnivore, speed 1, shaggy fur 2, slow metabolism 1, sharp paws
a: Bend Time, Renounce Religion


You were on level 4 of the Dungeon.
You worshipped Cheibriados.
Cheibriados was noncommittal.
You were not hungry.

You visited 2 branches of the dungeon, and saw 5 of its levels.

You collected 140 gold pieces.

Inventory:

Jewellery
 e - a ring of protection from magic (left paw)
 j - a +4 ring of strength (right paw)
Scrolls
 f - a scroll of amnesia
 g - a scroll of remove curse
 i - a scroll of identify
Potions
 c - 2 potions of curing
 d - 2 potions of heal wounds
 h - 2 potions of berserk rage
 k - a potion of haste {unknown}
 m - a potion of magic
Books
 a - a book of Minor Magic

   Spells                             Type                      Level
   a - Magic Dart                     Conjuration                  1
   b - Blink                          Translocation                2
   c - Call Imp                       Summoning                    2
   d - Slow                           Hexes                        2
   e - Conjure Flame                  Conjuration/Fire             3
   f - Mephitic Cloud                 Conjuration/Poison/Air       3
Comestibles
 b - 12 rations


   Skills:
 + Level 2.4 Fighting
 + Level 4.4 Dodging
 + Level 4.7 Stealth
 * Level 3.7 Unarmed Combat
 - Level 3.0 Spellcasting
 - Level 0.8 Conjurations
 - Level 1.0 Summonings
 - Level 1.5 Translocations


You had 2 spell levels left.
You knew the following spells:

 Your Spells              Type           Power        Failure   Level  Hunger
a - Magic Dart            Conj           #...         10%         1    None
b - Blink                 Tloc           N/A          11%         2    ##.....
c - Call Imp              Summ           #.......     13%         2    ##.....
d - Conjure Flame         Conj/Fire      #.......     32%         3    ###....


Dungeon Overview and Level Annotations

Branches:
Dungeon (4/15)             Temple (1/1) D:4

Altars:
Ashenzari
Cheibriados
Dithmenos
Elyvilon
Fedhas
Gozag
Hepliaklqana
Kikubaaqudgha
Makhleb
Nemelex Xobeh
Okawaru
Ru
Sif Muna
Trog
Uskayaw
Vehumet
Wu Jian
Xom
Yredelemnul
Zin
The Shining One

Annotations:
D:4 exclusion: oklob sapling, Dowan, Duvessa


Innate Abilities, Weirdness & Mutations

You cannot wear armour.
You are incapable of wielding weapons or throwing items.
Your paws allow you to move quietly. (Stealth)
You have sharp claws.
You have razor-sharp teeth.
You have supernaturally acute eyesight. (SInv)
You are carnivorous and can eat meat at any time.
You cover ground quickly.
You are covered in thick fur. (AC +2)
You have a slow metabolism.
Your sharp claws are effective at attacking unaware monsters.


Message History

Your crimson imp barely misses Dowan.
Duvessa closely misses you.
Unknown command.
You closely miss Duvessa.
Duvessa is moderately wounded.
Your crimson imp hits Duvessa but does no damage.
Your crimson imp blinks!
Unknown command.
You barely miss Duvessa.
Duvessa is moderately wounded.
Duvessa hits you with a +0 rapier! Dowan hits you with a dagger.
Your crimson imp barely misses Duvessa.
Unknown command.
You closely miss Duvessa.
Duvessa is moderately wounded.
Your crimson imp blinks!
Duvessa hits you with a +0 rapier!
Ouch! That really hurt!
* * * LOW HITPOINT WARNING * * *
Dowan hits you with a dagger.
You die...

.....##5.### ##...#.#
.......5...####..###.##
...######...5...55.....
##......#####.#
############....# #..
##.....#.....#...# ###
#..............#.. #
......[.5e.....### ##
.>......@e....ยง# #####.
...............# ##.....
...............# #..#...
.............>.# #.##...
#.............## ##.##...
##.....#..5....###..##...
#############...>.......
####..##.... #.####...


You could see Duvessa, Dowan and 2 friendly crimson imps.

Vanquished Creatures
  An ogre (D:4)
  2 adders
  2 oozes (D:4)
  3 dart slugs
  2 leopard geckos
  3 orcs
  4 bats
  A giant cockroach (D:3)
  5 goblins
  7 hobgoblins
  6 kobolds
  A quokka (D:2)
  3 frilled lizards
  6 rats
  A plant (D:4)
47 creatures vanquished.

Vanquished Creatures (collateral kills)
  A hound (D:4)
  An orc priest (D:4)
  An orc wizard (D:4)
  Jessica (D:3)
  Terence (D:3)
  A worker ant (D:4)
  7 gnolls (D:3)
  2 oozes
  A dart slug (D:1)
  7 orcs (D:4)
  A bat (D:3)
  3 kobolds
27 creatures vanquished.

Grand Total: 74 creatures vanquished

Notes
Turn   | Place    | Note
-------+----------+-------------------------------------------
     0 | D:1      | inmateoo the Felid Wizard began the quest for the Orb.
     0 | D:1      | Reached XP level 1. HP: 7/7 MP: 5/5
   631 | D:1      | Reached XP level 2. HP: 12/12 MP: 2/7
   646 | D:1      | Reached skill level 1 in Unarmed Combat
  1105 | D:1      | Learned a level 2 spell: Blink
  1108 | D:1      | Learned a level 2 spell: Call Imp
  1778 | D:2      | Reached skill level 1 in Fighting
  1778 | D:2      | Reached XP level 3. HP: 15/15 MP: 8/8
  2608 | D:3      | Reached XP level 4. HP: 19/19 MP: 2/9
  2984 | D:3      | Noticed Terence
  3006 | D:3      | Killed Terence
  3088 | D:3      | Noticed Jessica
  3406 | D:3      | Killed Jessica
  3415 | D:3      | Learned a level 3 spell: Conjure Flame
  3531 | D:3      | Reached XP level 5. HP: 18/22 MP: 10/10
  3978 | D:4      | Found a staircase to the Ecumenical Temple.
  4130 | D:4      | Noticed Dowan
  4132 | Temple   | Entered the Ecumenical Temple
  4169 | Temple   | Became a worshipper of Cheibriados the Contemplative
  4424 | D:4      | HP: 1/22 [orc/dagger (3)]
  4789 | D:4      | Noticed an ogre
  4790 | D:4      | Found a blossoming altar of Fedhas.
  4796 | D:4      | Killed an ogre
  4796 | D:4      | Gained mutation: You are covered in thick fur. (AC +2) [Felid growth]
  4796 | D:4      | Reached XP level 6. HP: 27/27 MP: 11/11
  4848 | D:4      | Noticed Duvessa
  4892 | D:4      | Slain by Duvessa
  4893 | D:4      | Reached XP level 5. HP: -2/23 MP: 6/10
  4923 | D:4      | Slain by Dowan

Skill      XL: |  1  2  3  4  5 |
---------------+----------------+-----
Stealth        | 3 4 |  4.7
Dodging        | 3 4 |  4.4
Unarmed Combat | 1 2 3 |  3.7
Fighting       | 1 2 |  2.4
Spellcasting   | |  3.0
Conjurations   | |  0.8
Summonings     | |  1.0
Translocations | |  1.5

Action                   |  1- 3 |  4- 6 || total
-------------------------+-------+-------++-------
Melee: Unarmed           |    80 |   129 ||   209
       Bite              |     8 |    19 ||    27
       Punch             |       |     5 ||     5
 Cast: Magic Dart        |    43 |     4 ||    47
       Call Imp          |    10 |    29 ||    39
       Blink             |     2 |       ||     2
  Use: Scroll            |     4 |     6 ||    10
       Potion            |       |     1 ||     1
 Stab: Sleeping          |     3 |     6 ||     9
  Eat: Chunk             |     9 |     5 ||    14
Armor: Skin              |     2 |     5 ||     7
Dodge: Dodged            |    83 |    75 ||   158
